 Dungeon Crawl Stone Soup version 0.28-a0-768-g8c92f1e708 (webtiles) character file.

Game seed: 8626557413342999105

12298 Conn the Thaumaturge (level 11, 0/68 HPs)
             Began as an Octopode Fire Elementalist on Oct 31, 2021.
             Was a Believer of Sif Muna.
             Slain by a six-headed hydra (10 damage)
             ... on level 2 of the Lair of Beasts.
             The game lasted 00:26:32 (14432 turns).

Conn the Thaumaturge (Octopode Fire Elementalist)  Turns: 14432, Time: 00:26:32

Health: 0/68       AC:  1    Str:  8    XL:     11   Next: 91%
Magic:  23/23      EV: 14    Int: 20    God:    Sif Muna [**....]
Gold:   683        SH:  0    Dex: 13    Spells: 11/27 levels left

rFire   + + .      SeeInvis .   g - +6 short sword (protect)
rCold   x . .      Faith    .   (no shield)
rNeg    + . .      Spirit   .   (helmet restricted)
rPois   .          Reflect  .   (no amulet)
rElec   .          Harm     .   h - ring of positive energy
rCorr   .          Rampage  .   k - ring of fire
Will    +....                   v - ring of protection from fire
Stlth   +++++.....              y - ring of willpower
HPRegen 0.21/turn               (no ring)
MPRegen 0.18/turn               (no ring)
                                (no ring)
                                (no ring)

@: no status effects
A: almost no armour, amphibious, 8 rings, camouflage 1, gelatinous body 1,
(nimble swimmer 1), tentacles
a: Renounce Religion, Channel Magic


You were on level 2 of the Lair of Beasts.
You worshipped Sif Muna.
Sif Muna was pleased with you.
You visited 3 branches of the dungeon, and saw 12 of its levels.

You collected 738 gold pieces.
You spent 55 gold pieces at shops.

Inventory:

Hand Weapons
 g - a +6 short sword of protection (weapon)
Missiles
 j - 36 poisoned darts
 x - a throwing net
Jewellery
 h - a ring of positive energy (left tentacle)
 k - a ring of fire (right tentacle)
 v - a ring of protection from fire (on tentacle)
 y - a ring of willpower (on tentacle)
Wands
 o - a wand of iceblast (8)
 q - a wand of acid (11)
 s - a wand of polymorph (28)
Scrolls
 a - a scroll of brand weapon
 c - 2 scrolls of magic mapping
 e - 3 scrolls of enchant armour
 f - a scroll of blinking
 l - 3 scrolls of fear
 m - 2 scrolls of immolation
 p - 2 scrolls of teleportation
 r - a scroll of fog
 t - 2 scrolls of identify
 u - 3 scrolls of amnesia
Potions
 b - 2 potions of flight
 d - a potion of lignification
 i - 3 potions of curing
 n - a potion of brilliance
 w - a potion of magic
 z - a potion of heal wounds
 A - a potion of might
 B - a potion of haste {unknown}
Miscellaneous
 C - a phial of floods


   Skills:
 + Level 3.9 Fighting
 + Level 6.1 Short Blades
 + Level 4.5 Dodging
 + Level 7.5 Stealth
 + Level 8.7 Spellcasting
 + Level 7.2 Conjurations
 + Level 1.2 Hexes
 + Level 8.4 Fire Magic
 - Level 3.7 Air Magic
 - Level 4.7 Poison Magic
 * Level 4.7 Invocations


You had 11 spell levels left.
You knew the following spells:

 Your Spells              Type           Power      Damage    Failure   Level
a - Foxfire               Conj/Fire      100%       2x1d9     1%          1
b - Conjure Flame         Conj/Fire      56%        6-21      1%          3
c - Inner Flame           Hex/Fire       42%        N/A       3%          3
d - Flame Wave            Conj/Fire      56%        3d10      3%          4
e - Scorch                Fire           100%       2d10      1%          2
f - Mephitic Cloud        Conj/Pois/Air  29%        N/A       2%          3

Your spell library contained the following spells:

 Spells                   Type           Power      Damage    Failure   Level
 Beastly Appendage        Tmut           16%        N/A       8%          1
 Pain                     Necr           32%        1d5       8%          1
 Spider Form              Tmut/Pois      9%         N/A       9%          3
 Wereblood                Tmut           8%         N/A       12%         2
 Silence                  Hex/Air        9%         N/A       61%         5
 Agony                    Necr           8%         N/A       91%         5
 Excruciating Wounds      Necr           4%         N/A       91%         5
 Summon Forest            Summ/Tloc      4%         N/A       91%         5
 Eringya's Noxious Bog    Tmut/Pois      9%         N/A       99%         6
 Storm Form               Tmut/Air       8%         N/A       100%        7
 Summon Hydra             Summ           4%         N/A       100%        7


Dungeon Overview and Level Annotations

Branches:
Dungeon (9/15)             Temple (1/1) D:7            Lair (2/6) D:9
  Snake (0/4) Lair:2          Orc (0/2) D:9
  Swamp: Lair:2-4    Shoals: Lair:2-4

Altars:
Cheibriados
Elyvilon
Fedhas
Gozag
Hepliaklqana
Kikubaaqudgha
Qazlal
Sif Muna
Uskayaw
Wu Jian
Yredelemnul
The Shining One

Shops:
D:8 !

Annotations:
D:1 Terence
D:4 2 transporters, Astera's ghost, amateur GrMo


Innate Abilities, Weirdness & Mutations

You cannot wear most types of armour.
You are amphibious.
You can wear up to eight rings at the same time.
Your skin changes colour to match your surroundings (Stealth+).
Your rubbery body absorbs attacks. (AC +1, EV +1)
((You are camouflaged near water. (Stealth+)))
You have tentacles for arms and can constrict up to eight enemies at once.


Message History

Confirm with . or Enter, or press ? or * to list all spells.
You feel a surge of power!
The fire begins to smoulder!
The fire ignites!
Casting: Conjure Flame (safe; 1% risk of failure)
Confirm with . or Enter, or press ? or * to list all spells.
Aiming: Inner Flame (dangerous; 3% risk of failure)
Press: ? - help, Dir - move target, f - six-headed hydra
Aim: a six-headed hydra (chance to affect: 66%)
You feel a surge of power!
The six-headed hydra is filled with an intense inner flame!
Unknown command.
Casting: Inner Flame (dangerous; 3% risk of failure)
Confirm with . or Enter, or press ? or * to list all spells.
Okay, then.
Casting: Inner Flame (dangerous; 3% risk of failure)
Confirm with . or Enter, or press ? or * to list all spells.
You feel a surge of power!
Flames lash the six-headed hydra.
Flame seeps out of the six-headed hydra.
The six-headed hydra is lightly wounded.
The six-headed hydra's fire resistance burns away.
The six-headed hydra is engulfed in blazing flames.
Flame seeps out of the six-headed hydra.
The six-headed hydra is no longer more vulnerable to fire.
You see here a +0 flail.
Casting: Scorch (safe; 1% risk of failure)
Confirm with . or Enter, or press ? or * to list all spells.
Okay, then.
Unknown command.
The six-headed hydra bites you. x2; The six-headed hydra barely misses you.
The six-headed hydra bites you! The six-headed hydra bites you.
The six-headed hydra bites you!
The six-headed hydra's inner flame fades away.
Things that are here:
a +2 dire flail of holy wrath; a +0 robe
There is a stone staircase leading up here.
The six-headed hydra closely misses you.
The six-headed hydra bites you! x2
* * * LOW HITPOINT WARNING * * *
The six-headed hydra bites you!
You die...

#...####........## ##.
#....#P...........## #..
#...#..............#
##..
....................#
####...
###..................#
##.#.#..
#.#...............##
##.###...
##.............P#
##...##...
##............##
#....##...
.......@..#.###.....#..P
.......D..####..........
#........## #...........
#.........###..........#
#.......#...#...........
##.....#.##...........P#
#.....#####............
##.... #.............
##### #P###........#


You could see a six-headed hydra.

Vanquished Creatures
  Erolcha (D:9)
  A hydra (Lair:1)
  An oklob plant (Lair:1)
  A cane toad (Lair:2)
  4 komodo dragons
  A hornet (D:9)
  A meliai zombie (D:5)
  Sigmund (D:3)
  3 shadows (D:9)
  2 wyverns
  20 yaks
  A basilisk (Lair:1)
  A steam dragon (D:8)
  4 nagas (Lair:2)
  2 acid dragons
  Duvessa (D:4)
  3 water moccasins
  An orc warrior (D:8)
  2 ice beasts
  A black bear (D:7)
  A necrophage (D:6)
  2 ogres (D:6)
  A centaur (D:6)
  3 phantoms
  A wyvern zombie (D:5)
  5 bullfrogs
  2 gnoll sergeants
  A scorpion (Lair:2)
  Dowan (D:4)
  A water moccasin skeleton (D:7)
  6 killer bees (D:9)
  A wyvern skeleton (D:6)
  12 wights
  A troll zombie (D:9)
  4 howler monkeys
  2 bullfrog zombies (D:5)
  3 centaur zombies
  2 centaur skeletons (D:7)
  A jelly (D:4)
  6 hounds
  An orc priest (D:8)
  Jessica (D:2)
  3 iguanas (D:5)
  Natasha (thrice) (D:3)
  4 orc wizards
  A killer bee zombie (D:8)
  7 ogre zombies (D:9)
  A hound skeleton (D:4)
  Robin (D:2)
  A howler monkey zombie (D:5)
  16 gnolls
  10 adders
  An adder skeleton (D:4)
  3 worms
  5 dart slugs
  9 orcs
  7 ball pythons
  4 bats
  An endoplasm (D:1)
  7 giant cockroaches
  13 goblins
  12 hobgoblins
  6 jackals
  2 quokkas (D:4)
  2 frilled lizards (D:1)
  3 goblin skeletons (D:9)
  3 hobgoblin zombies (D:9)
  9 kobolds
  3 orc skeletons (D:9)
  15 orc zombies (D:9)
  6 rats
  A bush (Lair:1)
269 creatures vanquished.

Vanquished Creatures (collateral kills)
  A foxfire (Lair:2)
1 creature vanquished.

Vanquished Creatures (others)
  802 foxfires
  A fungus (Lair:2)
  3 plants (Lair:1)
806 creatures vanquished.

Grand Total: 1076 creatures vanquished

Notes
Turn   | Place    | Note
-------+----------+-------------------------------------------
     0 | D:1      | Conn the Octopode Fire Elementalist began the quest for the
                  | Orb.
     0 | D:1      | Reached XP level 1. HP: 11/11 MP: 3/3
   141 | D:1      | Reached XP level 2. HP: 17/17 MP: 5/5
   469 | D:1      | Reached XP level 3. HP: 19/21 MP: 2/6
  1097 | D:2      | Noticed Robin
  1101 | D:2      | Noticed Terence
  1422 | D:2      | Killed Robin
  1423 | D:2      | Reached XP level 4. HP: 24/27 MP: 2/7
  1900 | D:2      | Reached skill level 1 in Short Blades
  2279 | D:2      | Reached XP level 5. HP: 31/32 MP: 4/8
  2392 | D:2      | Noticed Jessica
  2410 | D:2      | Killed Jessica
  2698 | D:2      | Reached skill level 1 in Fighting
  2705 | D:2      | Found a faded altar of an unknown god.
  2979 | D:3      | Noticed Natasha
  2986 | D:3      | Killed Natasha
  3066 | D:3      | Noticed Sigmund
  3068 | D:3      | Noticed Natasha
  3074 | D:3      | Killed Natasha
  3075 | D:3      | Reached XP level 6. HP: 33/38 MP: 3/10
  3079 | D:3      | Killed Sigmund
  3350 | D:3      | Noticed Natasha
  3358 | D:3      | Killed Natasha
  3359 | D:3      | Reached XP level 7. HP: 39/43 MP: 6/12
  3880 | D:4      | Got the Guide on Fascination and Weightlessness
  3888 | D:4      | Learned a level 3 spell: Conjure Flame
  3892 | D:4      | Learned a level 3 spell: Inner Flame
  3897 | D:4      | Learned a level 4 spell: Flame Wave
  3900 | D:4      | Learned a level 2 spell: Scorch
  3978 | D:4      | Noticed Duvessa
  3980 | D:4      | Noticed Dowan
  4010 | D:4      | Killed Duvessa
  4011 | D:4      | Reached skill level 5 in Fire Magic
  4011 | D:4      | Killed Dowan
  4288 | D:4      | Found an ancient bone altar of Kikubaaqudgha.
  4288 | D:4      | Found a stormy altar of Qazlal.
  4457 | D:4      | Found a transporter.
  4457 | D:4      | Noticed Astera's ghost (amateur GrMo)
  4950 | D:4      | Found a transporter.
  5313 | D:5      | Entered Level 5 of the Dungeon
  5335 | D:5      | Found a blossoming altar of Fedhas.
  5514 | D:5      | Reached XP level 8. HP: 31/48 MP: 11/14
  5908 | D:5      | Noticed a yak
  5909 | D:5      | Noticed a yak
  5909 | D:5      | Noticed a yak
  5910 | D:5      | Noticed a yak
  5919 | D:5      | Killed a yak
  5920 | D:5      | Reached skill level 5 in Spellcasting
  5920 | D:5      | Killed a yak
  5921 | D:5      | Reached skill level 5 in Stealth
  5927 | D:5      | Killed a yak
  5930 | D:5      | Killed a yak
  6056 | D:5      | Reached XP level 9. HP: 23/54 MP: 15/17
  6265 | D:5      | Reached skill level 5 in Conjurations
  9062 | D:7      | Reached XP level 10. HP: 61/61 MP: 9/20
  9331 | D:7      | Found a staircase to the Ecumenical Temple.
  9337 | Temple   | Entered the Ecumenical Temple
  9365 | Temple   | Became a worshipper of Sif Muna the Loreminder
  9777 | D:8      | Reached skill level 5 in Short Blades
 10418 | D:8      | Found a basalt altar of Yredelemnul.
 10553 | D:8      | Found Ideak's Distillery.
 10561 | D:8      | Bought a potion of heal wounds for 55 gold pieces
 10588 | D:9      | Reached * piety under Sif Muna
 10758 | D:8      | Learned a level 3 spell: Mephitic Cloud
 10772 | D:9      | Found an ornate altar of the Wu Jian Council.
 10912 | D:9      | Reached skill level 1 in Air Magic
 11138 | D:9      | Reached skill level 1 in Invocations
 11294 | D:9      | Noticed Erolcha
 11316 | D:9      | Killed Erolcha
 11317 | D:9      | Reached skill level 1 in Poison Magic
 11477 | D:9      | Reached skill level 1 in Hexes
 11482 | D:9      | Reached XP level 11. HP: 67/67 MP: 11/22
 11774 | D:9      | Reached ** piety under Sif Muna
 11786 | D:9      | Found a staircase to the Orcish Mines.
 11828 | D:9      | Found a staircase to the Lair.
 12414 | D:9      | Found a glowing golden altar of the Shining One.
 12518 | Lair:1   | Entered Level 1 of the Lair of Beasts
 12537 | Lair:1   | Identified the +5 scale mail "Hero's Friend" {rPois rF+}
 12673 | Lair:1   | Noticed an eight-headed hydra
 12782 | Lair:1   | Killed an eight-headed hydra
 12909 | Lair:1   | Found an ornate altar of the Wu Jian Council.
 12909 | Lair:1   | Noticed an oklob plant
 12920 | Lair:1   | Killed an oklob plant
 13688 | Lair:2   | Found a staircase to the Snake Pit.
 14350 | Lair:2   | Noticed a six-headed hydra
 14432 | Lair:2   | Slain by a six-headed hydra

Illustrated notes

Levels and vault maps discovered:
D:1:      lightli_arrival_boilingwater, layout_loops_ring
D:2:      layout_basic, hellmonk_ecumenical_altar_inner_sanctum,
          dk_noncrumbling_3, uniq_jessica, uniq_terence, uniq_robin
D:3:      layout_basic, uniq_natasha, uniq_sigmund
D:4:      minmay_spotlight, layout_loops_cross,
          mainiacjoe_overflow_divided_tiny, gammafunk_ghost_mausoleum,
          uniq_duvessa
D:5:      layout_cave_pods, mainiacjoe_overflow_alcove_2, kennysheep_potato
D:6:      layout_basic
D:7:      layout_basic, minmay_temple_entry_fiery
D:8:      layout_basic, yredelemnul_altar_generic, serial_shops, shop
D:9:      layout_loops_ring, amcnicky_altar_gilded, tso_altar, lair_entry_dummy,
          zombieorc2_lemuel, uniq_erolcha
Temple:   nicolae_temple_elliptical
Lair:1:   layout_misc_corridors, lemuel_oklob_altar
Lair:2:   layout_cave_pods, minmay_snake_entry_guardpost_small,
          serial_bayou_shore_b

Skill      XL: |  1  2  3  4  5  6  7  8  9 10 11 |
---------------+----------------------------------+-----
Stealth        | 3 4 5 6 7 |  7.5
Fire Magic     | 4 5 6 7 8 |  8.4
Short Blades   | 1 2 3 4 5 6 |  6.1
Fighting       | 1 2 3 |  3.9
Spellcasting   | 3 4 5 6 7 8 |  8.7
Conjurations   | 2 3 4 6 7 |  7.2
Dodging        | 3 4 |  4.5
Air Magic      | 2 3 |  3.7
Invocations    | 2 4 |  4.7
Poison Magic   | 3 4 |  4.7
Hexes          | 1 |  1.2

Action                   |  1- 3 |  4- 6 |  7- 9 | 10-12 || total
-------------------------+-------+-------+-------+-------++-------
Melee: Dagger            |    35 |    28 |     2 |       ||    65
       Constrict         |    11 |    12 |    12 |    13 ||    48
       Tentacles         |     5 |     5 |    12 |    21 ||    43
       Short sword       |       |       |    77 |    82 ||   159
 Cast: Foxfire           |    46 |    59 |   208 |   164 ||   477
       Inner Flame       |       |       |     2 |     9 ||    11
       Flame Wave        |       |       |     4 |    25 ||    29
       Conjure Flame     |       |       |     1 |     7 ||     8
       Mephitic Cloud    |       |       |       |     2 ||     2
       Scorch            |       |       |       |     1 ||     1
Invok: Channel Magic     |       |       |       |     2 ||     2
Evoke: Wand              |       |       |       |     2 ||     2
  Use: Scroll            |       |     6 |    10 |     4 ||    20
       Potion            |       |     2 |       |     2 ||     4
 Stab: Sleeping          |     5 |     2 |     6 |     9 ||    22
       Distracted        |       |       |       |     1 ||     1
Armor: Skin              |     3 |     1 |    34 |    32 ||    70
Dodge: Dodged            |    29 |    37 |    91 |    49 ||   206

Table legend: (Time is in decaauts)
 A = Elapsed time spent in this place.
 B = Non-inter-level travel time spent in this place.
 C = Inter-level travel time spent in this place.
 D = Time resting spent in this place.
 E = Time spent auto-exploring this place.
 F = Levels seen in this place.
 G = Mean time per level.
                   A        B        C        D        E       F      G
               +--------+--------+--------+--------+--------+-----+--------+
         Total |  14416 |  14134 |    282 |    829 |  10201 |  12 | 1201.3 |
       Dungeon |  12469 |  12206 |    263 |    829 |   8662 |   9 | 1385.4 |
        Temple |     37 |     28 |      9 |      0 |      8 |   1 |   37.0 |
          Lair |   1909 |   1900 |      9 |      0 |   1531 |   2 |  954.5 |
               +--------+--------+--------+--------+--------+-----+--------+

Top non-repeatable levels by time:
     D:9: 1771 daAuts
     D:5: 1560 daAuts
     D:1: 1501 daAuts
     D:4: 1435 daAuts
     D:7: 1415 daAuts
     D:2: 1383 daAuts
     D:6: 1282 daAuts
  Lair:2: 1129 daAuts
     D:8: 1121 daAuts
     D:3: 997 daAuts
  Lair:1: 780 daAuts
  Temple: 37 daAuts
